 Dungeon Crawl Stone Soup version 0.31.0-32-g396128a36d (webtiles) character file.

Game seed: 7224684257272317027

244 hawla the Firebug (level 5, 0/28 HPs)
             Began as a Deep Elf Fire Elementalist on Apr 15, 2024.
             Slain by a scorpion (3 damage)
             ... on level 4 of the Dungeon on Apr 16, 2024.
             The game lasted 00:07:47 (3328 turns).

hawla the Firebug (Deep Elf Fire Elementalist)      Turns: 3328, Time: 00:07:48

Health: 0/28       AC:  3    Str:  6    XL:     5   Next: 83%
Magic:  8/11       EV: 14    Int: 21    God:
Gold:   71         SH:  0    Dex: 19    Spells: 3/10 levels left

rFire   . . .        e - staff of cold
rCold   + + .        (no shield)
rNeg    . . .        a - +0 robe
rPois   +            (no helmet)
rElec   .            p - +0 cloak
rCorr   .            (no gloves)
SInv    .            (no boots)
Will    .....        h - amulet of magic regeneration
Stlth   +            c - ring "Saceizetoi" {rC+ Str+2 Int+2}
HPRegen 0.24/turn    k - ring of poison resistance
MPRegen 0.52/turn

%: no passive effects
@: on fire, glowing
A: agile 1, dopey 1
a: no special abilities


You were on level 4 of the Dungeon.
You visited 1 branch of the dungeon, and saw 4 of its levels.

You collected 149 gold pieces.
You spent 78 gold pieces at shops.

Inventory:

Armour
 a - a +0 robe (worn)
 p - a +0 cloak (worn)
Magical Staves
 e - a staff of cold (weapon)
Jewellery
 c - the ring "Saceizetoi" (left hand) {rC+ Str+2 Int+2}
   (You found it on level 2 of the Dungeon)

   [ring of protection from cold]

   Str+2:     It affects your strength (+2).
   Int+2:     It affects your intelligence (+2).
   rC+:       It protects you from cold.
 h - an amulet of magic regeneration (around neck)
 k - a ring of poison resistance (right hand)
Wands
 f - a wand of roots (12)
Scrolls
 d - a scroll of vulnerability
 g - a scroll of identify
 j - a scroll of teleportation
 o - a scroll of poison
 q - a scroll of revelation
 r - a scroll of enchant armour {unknown}
Potions
 i - a potion of attraction {unknown}
 l - a potion of curing {unknown}


   Skills:
 - Level 3.6 Dodging
 - Level 2.4 Stealth
 - Level 3.0 Spellcasting
 - Level 1.1 Conjurations
 + Level 6.8 Fire Magic


You had 3 spell levels left.
You knew the following spells:

 Your Spells              Type           Power      Damage    Failure   Level
a - Foxfire               Conj/Fire      76%        2x1d7     2%          1
b - Scorch                Fire           62%        2d7       1%          2
c - Flame Wave            Conj/Fire      19%        2d7       26%         4

Your spell library contained the following spells:

 Spells                   Type           Power      Damage    Failure   Level
 Inner Flame              Hex/Fire       17%        N/A       10%         3
 Volatile Blastmotes      Fire/Tloc      34%        2d12      10%         3
 Dazzling Flash           Conj/Hex       10%        N/A       32%         3
 Mephitic Cloud           Conj/Alch/Air  4%         N/A       34%         3
 Ozocubu's Armour         Ice            4%         N/A       36%         3
 Curse of Agony           Necr           3%         N/A       98%         5
 Metabolic Englaciation   Hex/Ice        2%         N/A       98%         5
 Silence                  Hex/Air        1%         N/A       98%         5
 Sculpt Simulacrum        Ice/Alch       2%         N/A       100%        6


Dungeon Overview and Level Annotations

Branches:
Dungeon (4/15)
 Temple: D:4-7

Altars:
Cheibriados

Shops:
D:3 (?


Innate Abilities, Weirdness & Mutations

You are agile. (Dex +4, Str/Int -1)
You are dopey. (Int -2)


Message History

You conjure some foxfire!
A giant cockroach comes into view.
The scorpion misses you.
The bombardier beetle barely misses you.
You barely miss the scorpion.
The foxfire hits the bombardier beetle but does no damage.
The bombardier beetle is almost dead.
The foxfire hits the scorpion but does no damage.
The scorpion stings you. The scorpion barely misses you.
The bombardier beetle sprays incendiary fluid at you.
The burning spray hits you.
You are covered in liquid fire!
Magic courses through your body. The liquid fire burns you!
The bombardier beetle is no longer more vulnerable to fire.
The scorpion stings you.
Casting: Foxfire (safe; 2% risk of failure)
Confirm with . or Enter, or press ? or * to list all spells.
Flames lash the bombardier beetle.
You kill the bombardier beetle!
The liquid fire burns you! The scorpion barely misses you.
Casting: Scorch (safe; 1% risk of failure)
Confirm with . or Enter, or press ? or * to list all spells.
You conjure some foxfire!
The liquid fire burns you! The scorpion closely misses you.
Casting: Foxfire (safe; 2% risk of failure)
Confirm with . or Enter, or press ? or * to list all spells.
Flames lash the giant cockroach.
You kill the giant cockroach!
The liquid fire burns you!
* * * LOW HITPOINT WARNING * * *
The foxfire hits the bombardier beetle but does no damage.
The foxfire hits the bombardier beetle.
The bombardier beetle is moderately wounded.
The scorpion stings you but does no damage.
The bombardier beetle barely misses you.
The scorpion stings you.
You die...

#...###..# ##...### #
.... #..####.....### .
... #............#. ..
#. ##...###......#. #..
# #....##.........
##..#.###............>..
#.............#...####..
......##§###>##....###..
..##..@..##............
##)sB........##.....
#.†....#....##.....
......##....##.....
.......##....##.....
..............###...#
....................##
.......................
...............#


You could see a scorpion and a bombardier beetle.

Vanquished Creatures
  A bombardier beetle (D:4)
  An orc priest (D:3)
  3 orc wizards
  An adder (D:2)
  4 dart slugs
  2 ribbon worms
  10 orcs
  7 ball pythons
  7 endoplasms
  4 giant cockroaches
  6 goblins
  10 hobgoblins
  A quokka (D:1)
  8 bats
  3 frilled lizards (D:1)
  7 kobolds
  4 rats
79 creatures vanquished.

Vanquished Creatures (others)
  155 foxfires
155 creatures vanquished.

Grand Total: 234 creatures vanquished

Notes
Turn   | Place    | Note
-------+----------+-------------------------------------------
     0 | D:1      | hawla the Deep Elf Fire Elementalist began the quest for
                  | the Orb.
     0 | D:1      | Reached XP level 1. HP: 10/10 MP: 6/6
   334 | D:1      | Reached XP level 2. HP: 15/15 MP: 4/8
   336 | D:1      | Reached skill level 4 in Fire Magic
   342 | D:1      | Learned a level 2 spell: Scorch
   693 | D:1      | Reached XP level 3. HP: 14/19 MP: 2/9
  1364 | D:2      | Identified the ring "Saceizetoi" {rC+ Str+2 Int+2}
  1979 | D:2      | Found a faded altar of an unknown god.
  2200 | D:2      | Reached XP level 4. HP: 24/24 MP: 7/10
  2205 | D:2      | Learned a level 4 spell: Flame Wave
  2511 | D:3      | Gained mutation: You are dopey. (Int -2) [potion of
                  | mutation]
  2511 | D:3      | Gained mutation: You are agile. (Dex +4, Str/Int -1)
                  | [potion of mutation]
  2578 | D:3      | Reached skill level 5 in Fire Magic
  2666 | D:3      | Found Zoryrrem's Magic Scroll Shop.
  2675 | D:3      | Bought a scroll of poison for 52 gold pieces
  2675 | D:3      | Bought a scroll of identify for 26 gold pieces
  2786 | D:3      | Reached XP level 5. HP: 21/28 MP: 8/11
  2904 | D:3      | Reached skill level 6 in Fire Magic
  2955 | D:3      | Found Neofifus's Weapon Boutique.
  3224 | D:4      | Found a snail-covered altar of Cheibriados.
  3328 | D:4      | Slain by a scorpion

Illustrated notes

Levels and vault maps discovered:
D:1:      dpeg_cavernosity, layout_loops_ring
D:2:      layout_basic, shapermc_ecumenical_altar_flowoftime
D:3:      layout_loops_ring, serial_shops, shop_statue, shop
D:4:      layout_cave_pools, cheibriados_altar_1, amcnicky_altar_gilded

Skill      XL: |  1  2  3  4  5 |
---------------+----------------+-----
Fire Magic     | 4 5 6 |  6.8
Dodging        | 3 |  3.6
Stealth        | |  2.4
Spellcasting   | |  3.0
Conjurations   | |  1.1

Action                     |  1- 3 |  4- 6 || total
---------------------------+-------+-------++-------
  Melee: Staff             |     9 |     1 ||    10
         Short sword       |     3 |       ||     3
   Cast: Foxfire           |    50 |    40 ||    90
         Scorch            |    19 |    23 ||    42
    Use: Scroll            |     2 |     4 ||     6
         Potion            |       |     2 ||     2
 Armour: Robe              |    14 |     8 ||    22
  Dodge: Dodged            |    23 |    14 ||    37
